 Dungeon Crawl Stone Soup version 0.19.5 (webtiles) character file.

21065 epen the Martial Artist (level 12, -2/104 HPs)
             Began as a Black Draconian Transmuter on Aug 3, 2017.
             Was a High Priest of Makhleb.
             Killed from afar by a lava snake (18 damage)
             ... with a glob of lava
             ... in a volcano.
             The game lasted 00:41:55 (18146 turns).

epen the Martial Artist (DrTm)                     Turns: 18146, Time: 00:41:55

Health: -2/104     AC: 14    Str: 14      XL:     12   Next: 50%
Magic:  23/24      EV: 16    Int: 15      God:    Makhleb [*****.]
Gold:   659        SH:  0    Dex: 12 (14) Spells: 3 memorised, 16 levels left

rFire  . . .     SeeInvis .       - Unarmed
rCold  . . .     Gourm    .     (armour unavailable)
rNeg   . . .     Faith    .     (no shield)
rPois  .         Spirit   .     (helmet restricted)
rElec  +         Reflect  .     f - +1 cloak
rCorr  .         Harm     .     (no gloves)
MR     .....     Rnd*Tele +     y - +1 pair of boots
Stlth  +.........               (no amulet)
                                H - +2 ring of protection
                                N - ring of wizardry

@: no status effects
A: breathe lightning, unfitting armour, deterioration 1, electricity resistance,
teleportitis 1, cold-blooded, AC +8
a: Breathe Lightning, Minor Destruction, Lesser Servant of Makhleb, Major
Destruction, Greater Servant of Makhleb, Renounce Religion


You were in a volcano.
You worshipped Makhleb.
Makhleb was extremely pleased with you.
You were hungry.

You visited 3 branches of the dungeon, and saw 15 of its levels.
You also visited: Volcano.

You collected 767 gold pieces.
You spent 108 gold pieces at shops.

Inventory:

Missiles
 a - 161 arrows
Armour
 f - a +1 cloak (worn)
 y - a +1 pair of boots (worn)
Magical Staves
 C - an uncursed staff of death
 S - an uncursed staff of conjuration
Jewellery
 r - an uncursed ring of protection from cold
 H - a +2 ring of protection (right hand)
 J - an uncursed ring of resist corrosion
 M - an uncursed ring of magical power
 N - a ring of wizardry (left hand)
Wands
 l - a wand of polymorph (7/24)
 m - a wand of lightning (9/15)
 t - a wand of lightning (7/15)
 E - a wand of flame (28/48)
 I - a wand of slowing (23/48)
Scrolls
 e - a scroll of identify
 j - 7 scrolls of remove curse
 k - a scroll of enchant armour
 q - 3 scrolls of enchant weapon
 s - 2 scrolls of teleportation
 z - 3 scrolls of blinking
 A - 3 scrolls of amnesia
 B - a scroll of brand weapon
 Q - 2 scrolls of fear
Potions
 d - 3 potions of brilliance
 h - 2 potions of might
 n - 2 potions of cancellation
 o - 2 potions of heal wounds
 p - 4 potions of curing
 u - a potion of berserk rage
 v - 2 potions of flight
 w - 2 potions of agility
 x - a potion of ambrosia
 G - 3 potions of haste
 K - a potion of invisibility
 L - 2 potions of magic
 P - a potion of resistance
Books
 b - a book of Changes

   Spells                             Type                      Level
   a - Beastly Appendage              Transmutation                1
   b - Sticks to Snakes               Transmutation                2
   c - Spider Form                    Transmutation/Poison         3
   d - Ice Form                       Ice/Transmutation            4
   e - Blade Hands                    Transmutation                5
 D - a book of Conjurations

   Spells                             Type                      Level
   a - Magic Dart                     Conjuration                  1
   b - Searing Ray                    Conjuration                  2
   c - Dazzling Spray                 Conjuration/Hexes            3
   d - Fulminant Prism                Conjuration/Hexes            4
   e - Iskenderun's Mystic Blast      Conjuration                  4
   f - Iskenderun's Battlesphere      Conjuration/Charms           5
 F - a book of Alchemy

   Spells                             Type                      Level
   a - Sublimation of Blood           Necromancy                   2
   b - Ignite Poison                  Fire/Transmutation/Poison    3
   c - Petrify                        Transmutation/Earth          4
   d - Alistair's Intoxication        Transmutation/Poison         5
   e - Irradiate                      Conjuration/Transmutation    5
Miscellaneous
 O - a phantom mirror
Comestibles
 c - 7 bread rations
 g - 33 fruits
 i - 2 meat rations


   Skills:
 + Level 9.0 Fighting
 + Level 7.8 Dodging
 * Level 11.9 Unarmed Combat
 + Level 8.0 Spellcasting
 + Level 8.5 Transmutations
 * Level 6.8 Invocations


You had 16 spell levels left.
You knew the following spells:

 Your Spells              Type           Power        Failure   Level  Hunger
a - Blade Hands           Tmut           ####......   4%          5    #####..
c - Sticks to Snakes      Tmut           ####....     1%          2    None
d - Ice Form              Ice/Tmut       ###.....     10%         4    ####...


Dungeon Overview and Level Annotations

Branches:
Dungeon (10/15)            Temple (1/1) D:5            Lair (4/6) D:9
 Shoals (0/4) Lair:2        Snake (0/4) Lair:3          Orc (0/2) D:9

Altars:
Ashenzari
Cheibriados
Dithmenos
Elyvilon
Fedhas
Gozag
Hepliaklqana
Kikubaaqudgha
Makhleb
Nemelex Xobeh
Okawaru
Qazlal
Ru
Trog
Uskayaw
Vehumet
Xom
Yredelemnul
Zin
The Shining One

Shops:
D:5 ?

Annotations:
Lair:2 exclusion: oklob plant


Innate Abilities, Weirdness & Mutations

You can breathe wild blasts of lightning.
Your glossy black scales are hard. (AC +8)
You cannot fit into any form of body armour.
You are resistant to electric shocks. (rElec)
You are cold-blooded and may be slowed by cold attacks.
Your body sometimes deteriorates upon taking damage.
You are occasionally teleported next to monsters.


Message History

The earth elemental completely resists.
The fireball engulfs you!
The fireball engulfs the efreet.
The efreet completely resists.
The earth elemental hits you but does no damage.
As you read the scroll of teleportation, it crumbles to dust.
You feel strangely unstable.
Unknown command.
You slice the earth elemental!!
The earth elemental is heavily damaged.
Something unseen opens the door.
The earth elemental hits you!!
* * * LOW HITPOINT WARNING * * *
You hit the earth elemental but do no damage.
The earth elemental is heavily damaged.
Unknown command.
Your surroundings suddenly seem different.
Your hands revert to their normal proportions.
A lava snake comes into view.
The lava snake hisses angrily.
The lava snake spits lava at you. The glob of lava hits you!
You die...

######### #####.##.##.####
#@.............# ##
#....§§§....§.......#
##.........§§≈§§≈≈≈≈§≈≈§....
##........§≈≈≈§≈§§§≈≈§§≈≈§§≈..
###...§......≈§≈≈§≈§≈≈§§≈§≈§§§≈≈≈
#.....§§.§≈≈≈≈≈§S§≈§≈§§§≈≈§≈≈≈≈≈≈
##....§§≈≈≈≈≈≈§≈§§§≈≈≈§§§≈≈≈≈≈≈≈≈
∩......§.≈≈≈≈≈§§≈§≈≈≈§≈≈§§≈§§§§§§
....≈≈≈≈≈§


You could see a lava snake.

Vanquished Creatures
  The ghost of PeterLawrence the Basher, a journeyman MiFi of Okawaru (Lair:1)
  A hydra (Lair:1)
  Erolcha (D:9)
  2 hill giants (D:10)
  Maurice (D:8)
  2 black mambas
  4 spiny frogs
  A molten gargoyle (Volcano)
  5 komodo dragons
  3 rime drakes (Lair:3)
  A troll (D:10)
  A two-headed ogre (D:8)
  4 hippogriffs
  17 yaks
  A wraith (D:10)
  A fire bat (Volcano)
  A fire elemental (Volcano)
  A steam dragon (Lair:2)
  Edmund (D:5)
  4 nagas (Lair:3)
  7 water moccasins
  3 black bears
  3 porcupines
  3 orc warriors
  3 sky beasts
  An ice beast (D:10)
  4 centaurs
  24 wolves
  2 phantoms
  2 ogres
  2 big kobolds
  9 crocodiles
  10 bullfrogs
  A gnoll sergeant (D:5)
  12 killer bees
  6 howler monkeys
  4 wights (D:8)
  An electric eel (Lair:1)
  A lava snake (Lair:4)
  10 crimson imps
  8 hounds
  2 jellies
  2 quasits
  2 bullfrog zombies (D:10)
  4 orc priests
  2 bullfrog skeletons
  2 centaur skeletons
  9 orc wizards
  4 iguanas
  4 worker ants
  A hound skeleton (D:10)
  13 gnolls
  18 adders
  A shadow imp (D:8)
  2 oozes
  2 adder zombies (D:9)
  A worm (D:4)
  3 dart slugs
  10 leopard geckos
  34 orcs
  6 bats
  A giant cockroach (D:2)
  15 goblins
  25 hobgoblins
  10 jackals
  17 kobolds
  4 quokkas
  4 frilled lizards
  A giant cockroach zombie (D:5)
  A quokka skeleton (D:7)
  2 quokka zombies (D:5)
  6 rats
377 creatures vanquished.

Vanquished Creatures (collateral kills)
  2 killer bees (D:7)
  A crimson imp (D:5)
  An orc (D:7)
4 creatures vanquished.

Vanquished Creatures (others)
  2 orc wizards (D:9)
  An orc (D:9)
  A plant (Lair:1)
4 creatures vanquished.

Grand Total: 385 creatures vanquished

Notes
Turn   | Place    | Note
-------+----------+-------------------------------------------
     0 | D:1      | epen the Draconian Transmuter began the quest for the Orb.
     0 | D:1      | Reached XP level 1. HP: 16/16 MP: 3/3
   457 | D:1      | Reached XP level 2. HP: 23/23 MP: 5/5
   975 | D:1      | Reached XP level 3. HP: 14/29 MP: 6/6
  1343 | D:2      | Learned a level 3 spell: Spider Form
  2288 | D:3      | Reached XP level 4. HP: 36/36 MP: 7/7
  2367 | D:3      | Noticed a hippogriff
  2553 | D:3      | Learned a level 2 spell: Sticks to Snakes
  2737 | D:3      | Found a glowing golden altar of the Shining One.
  3170 | D:3      | Reached skill level 4 in Unarmed Combat
  3479 | D:4      | Reached XP level 5. HP: 41/41 MP: 7/9
  4177 | D:4      | Noticed a vampire
  4479 | D:5      | Entered Level 5 of the Dungeon
  4856 | D:5      | Noticed Edmund
  4862 | D:5      | Reached XP level 6. HP: 35/50 MP: 6/10
  4879 | D:5      | Killed Edmund
  4892 | D:5      | Reached skill level 5 in Unarmed Combat
  5555 | D:5      | Found Yduckog's Magic Scroll Boutique.
  5563 | D:5      | Bought a scroll of teleportation for 36 gold pieces
  5563 | D:5      | Bought a scroll of remove curse for 36 gold pieces
  5563 | D:5      | Bought a scroll of remove curse for 36 gold pieces
  5601 | D:5      | Your scales start taking on a glossy black colour.
  5601 | D:5      | Reached XP level 7. HP: 48/57 MP: 7/12
  5601 | D:5      | Gained mutation: You are resistant to electric shocks. (rElec) [Black Draconian growth]
  6539 | D:5      | Reached skill level 6 in Unarmed Combat
  6539 | D:5      | Reached XP level 8. HP: 29/66 MP: 12/14
  6544 | D:5      | Gained mutation: Your body sometimes deteriorates upon taking damage. [mutagenic meat]
  6546 | D:5      | Gained mutation: You are occasionally teleported next to monsters. [mutagenic meat]
  6547 | D:5      | Gained mutation: You are somewhat resistant to further mutation. [mutagenic meat]
  6549 | D:5      | Gained mutation: Your flesh is cold resistant. (rC+) [mutagenic meat]
  6558 | D:5      | Found a staircase to the Ecumenical Temple.
  6723 | Temple   | Entered the Ecumenical Temple
  6843 | Temple   | Became a worshipper of Makhleb the Destroyer
  7287 | D:6      | Killed a hippogriff
  7400 | D:6      | Learned a level 5 spell: Blade Hands
  8011 | D:6      | Reached skill level 7 in Unarmed Combat
  8552 | D:7      | Reached skill level 5 in Transmutations
  8629 | D:7      | HP: 2/100 [killer bee (5)]
  8631 | D:7      | Reached skill level 5 in Fighting
  8637 | D:7      | Reached * piety under Makhleb
  8780 | D:7      | Found a hazy altar of Hepliaklqana.
  9010 | D:7      | Reached XP level 9. HP: 54/74 MP: 16/16
  9028 | D:7      | Reached skill level 5 in Spellcasting
  9300 | D:7      | Reached ** piety under Makhleb
  9476 | D:7      | Found a shadowy altar of Dithmenos.
 10737 | D:8      | Noticed Maurice
 10753 | D:8      | Killed Maurice
 10753 | D:8      | Reached skill level 5 in Dodging
 10753 | D:8      | Reached skill level 8 in Unarmed Combat
 11036 | D:8      | Found a shadowy altar of Dithmenos.
 11052 | D:8      | Lost mutation: Your flesh is cold resistant. (rC+) [potion of cure mutation]
 11052 | D:8      | Lost mutation: You are somewhat resistant to further mutation. [potion of cure mutation]
 11052 | D:8      | Lost mutation: Your body sometimes deteriorates upon taking damage. [potion of cure mutation]
 11274 | D:8      | Reached *** piety under Makhleb
 11685 | D:9      | Learned a level 4 spell: Ice Form
 11930 | D:9      | Found a stormy altar of Qazlal.
 11952 | D:9      | Reached XP level 10. HP: 82/84 MP: 12/19
 11990 | D:9      | Reached skill level 9 in Unarmed Combat
 12200 | D:9      | Found a staircase to the Orcish Mines.
 12361 | D:9      | Reached **** piety under Makhleb
 12413 | D:9      | Found a staircase to the Lair.
 12661 | D:9      | Noticed Erolcha
 12671 | D:9      | Killed Erolcha
 12671 | D:9      | Reached skill level 10 in Unarmed Combat
 12775 | D:9      | Gained mutation: Your body sometimes deteriorates upon taking damage. [mutagenic glow]
 13266 | D:9      | Found a sparkling altar of Nemelex Xobeh.
 13268 | D:9      | Found a basalt altar of Yredelemnul.
 13268 | D:9      | Found a shattered altar of Ashenzari.
 13369 | D:10     | Entered Level 10 of the Dungeon
 13451 | D:10     | Reached skill level 1 in Invocations
 13534 | D:10     | Reached XP level 11. HP: 58/92 MP: 16/21
 13802 | D:10     | Noticed a hill giant
 13808 | D:10     | Killed a hill giant
 13872 | D:10     | Noticed a hill giant
 13882 | D:10     | Killed a hill giant
 14281 | Lair:1   | Entered Level 1 of the Lair of Beasts
 14698 | Lair:1   | Noticed a four-headed hydra
 14729 | Lair:1   | Killed a four-headed hydra
 15028 | Lair:1   | Reached skill level 11 in Unarmed Combat
 15289 | Lair:1   | Reached skill level 5 in Invocations
 15348 | Lair:1   | Reached ***** piety under Makhleb
 15357 | Lair:1   | Noticed PeterLawrence's ghost (journeyman MiFi)
 15395 | Lair:1   | Killed PeterLawrence's ghost
 16067 | Lair:2   | Reached XP level 12. HP: 101/103 MP: 23/23
 16814 | Lair:2   | Found a staircase to the Shoals.
 16941 | Lair:3   | Found a staircase to the Snake Pit.
 17796 | Lair:4   | Found a dark tunnel.
 17801 | Volcano  | Entered a volcano
 18124 | Volcano  | Found a burning altar of Makhleb.
 18146 | Volcano  | Killed from afar by a lava snake

Skill      XL: |  1  2  3  4  5  6  7  8  9 10 11 12 |
---------------+-------------------------------------+-----
Dodging        | 2 3 4 5 6 7 |  7.8
Fighting       | 2 3 4 5 6 7 8 9 |  9.0
Transmutations | 3 4 5 6 7 8 |  8.5
Unarmed Combat | 4 5 6 7 8 10 11 | 11.9
Spellcasting   | 3 4 6 7 8 |  8.0
Invocations    | 1 5 6 |  6.8

Action                   |  1- 3 |  4- 6 |  7- 9 | 10-12 || total
-------------------------+-------+-------+-------+-------++-------
Melee: Unarmed           |   151 |   286 |   652 |   592 ||  1681
       Tailslap          |    15 |    35 |    58 |    66 ||   174
       Punch             |     2 |     7 |    14 |    33 ||    56
       Dagger            |       |    27 |       |       ||    27
 Cast: Spider Form       |     1 |     3 |     7 |     1 ||    12
       Sticks to Snakes  |       |    11 |     6 |     5 ||    22
       Blade Hands       |       |       |     4 |    47 ||    51
       Ice Form          |       |       |       |     1 ||     1
 Abil: Breathe Lightning |       |       |     7 |       ||     7
  Use: Scroll            |    10 |     2 |    13 |     7 ||    32
       Potion            |       |     2 |     5 |     2 ||     9
 Stab: Sleeping          |     3 |     2 |     4 |     1 ||    10
       Distracted        |       |     1 |       |     1 ||     2
  Eat: Chunk             |     5 |     5 |    20 |    33 ||    63
       Beef jerky        |       |     1 |       |     1 ||     2
       Bread ration      |       |     1 |       |       ||     1
       Meat ration       |       |       |     2 |       ||     2
       Fruit             |       |       |       |     1 ||     1
       Royal jelly       |       |       |       |     1 ||     1
Armor: Skin              |    44 |    93 |   200 |   155 ||   492
Dodge: Dodged            |    92 |   159 |   426 |   397 ||  1074
